 Dungeon Crawl Stone Soup version 0.17.1-1-g73c8601 (webtiles) character file.

6330 lucasterio the Basher (level 10, -5/70 HPs)
             Began as a Demonspawn Berserker on Dec 11, 2015.
             Was a High Priest of Trog.
             Slain by a deep troll (7 damage)
             ... on level 11 of the Dungeon.
             The game lasted 00:35:20 (9936 turns).

lucasterio the Basher (Demonspawn Berserker)        Turns: 9936, Time: 00:35:20

Health: -5/70      AC: 11    Str: 21    XL:     10   Next: 64%
Magic:  3/3        EV:  9    Int:  9    God:    Trog [*****.]
Gold:   507        SH:  0    Dex: 12    Spells: 0 memorised, 9 levels left

rFire  . . .     SeeInvis .     N - +4 morningstar (antimagic)
rCold  . . .     Clarity  .     g - +0 chain mail
rNeg   . . .     SustAt   .     (no shield)
rPois  .         Gourm    .     (helmet restricted)
rElec  .         Spirit   .     (no cloak)
rCorr  .         Warding  .     (no gloves)
rMut   .         Stasis   .     (no boots)
MR     .....                    M - amulet of rage
Stlth  ..........               G - +1 ring of evasion
                                J - ring of flight

@: exhausted, slowed, very slow, not resistant to hostile enchantments,
extremely unstealthy
A: claws 2, horns 2, talons 1, demonic guardian 1, powered by death 2
a: Berserk, Trog's Hand, Brothers in Arms, Burn Spellbooks, Renounce Religion,
Evoke Berserk Rage, Evoke Flight


You were on level 11 of the Dungeon.
You worshipped Trog.
Trog was extremely pleased with you.
You were not hungry.

You visited 1 branch of the dungeon, and saw 11 of its levels.
You also visited: Sewer.

You collected 552 gold pieces.
You spent 45 gold pieces at shops.

Inventory:

Hand Weapons
 k - a +1 flail of protection
 n - a +0 shortbow
 y - a +0 flail of venom
 N - a +4 antimagic morningstar (weapon)
Missiles
 m - 135 arrows
Armour
 g - a +0 chain mail (worn)
Rods
 v - a +0 rod of the swarm (9/9)
   (You found it on level 5 of the Dungeon)
Jewellery
 j - an uncursed ring of fire
 G - a +1 ring of evasion (right claw)
 J - a ring of flight (left claw)
 M - an amulet of rage (around neck)
Wands
 O - a wand of lightning (9)
 P - a wand of lightning (5)
Scrolls
 d - 13 scrolls of identify
 f - 5 scrolls of recharging
 i - a scroll of amnesia {unknown}
 o - 2 scrolls of random uselessness {unknown}
 p - a scroll of remove curse
 r - 2 scrolls of enchant weapon {unknown}
 u - 6 scrolls of teleportation
 A - 2 scrolls of fog {unknown}
 B - a scroll of immolation {unknown}
 D - a scroll of blinking {unknown}
 K - 2 scrolls of enchant armour {unknown}
 L - a scroll of fear {unknown}
Potions
 a - 6 potions of curing
 b - 2 potions of haste {unknown}
 e - 2 potions of magic {unknown}
 q - a potion of ambrosia {unknown}
 t - 2 potions of lignification {unknown}
 w - 4 potions of poison {unknown}
 z - 2 potions of might {unknown}
 C - a potion of invisibility {unknown}
 E - a potion of heal wounds {unknown}
 F - 2 potions of flight {unknown}
Miscellaneous
 s - a box of beasts
 x - a lamp of fire
Comestibles
 c - 5 bread rations
 h - 7 fruits
 l - 5 meat rations
 H - 3 beef jerkies
 I - 7 slices of pizza


   Skills:
 - Level 3.0 Fighting
 * Level 12.3 Maces & Flails
 + Level 8.7 Armour
 - Level 1.7 Dodging


You had 9 spell levels left.
You didn't know any spells.

Dungeon Overview and Level Annotations

Branches:
Dungeon (11/15)            Temple (0/1) D:6            Lair (0/8) D:10
    Orc: D:9-12

Altars:
Dithmenos
Gozag
Nemelex Xobeh
Trog
Yredelemnul
Zin
The Shining One

Shops:
D:7 =   D:8 *   D:9 %

Annotations:
D:11 1 runed door


Innate Abilities, Weirdness & Mutations

You have very sharp fingernails.
You have a pair of horns on your head.
You have sharp toenails.
A weak demonic guardian rushes to your aid.
You regenerate health from kills.


Message History

The iron troll barely misses you.
The iron troll claws you but does no damage.
You hit the iron troll but do no damage.
You claw the iron troll, but do no damage.
The iron troll bites you! The iron troll claws you!
* * * LOW HITPOINT WARNING * * *
The iron troll claws you.
* * * LOW HITPOINT WARNING * * *
Your quasit barely misses the deep troll.
Your quasit claws the deep troll but does no damage.
Your quasit barely misses the deep troll.
The iron troll bites you!
* * * LOW HITPOINT WARNING * * *
The iron troll claws you but does no damage.
The iron troll barely misses you.
Your quasit bites the deep troll but does no damage.
Your quasit claws the deep troll but does no damage.
Your quasit claws the deep troll.
The deep troll bites you!
You die...

≈≈####≈.≈#..#≈≈≈≈≈≈≈≈≈≈≈
≈≈≈≈≈≈≈.≈####≈≈≈≈≈≈≈≈≈≈≈
≈≈≈≈≈≈≈.≈≈≈≈≈≈≈≈≈≈≈≈≈≈≈≈
.....................#
.....................#
......5T.............#
......TT.............###
..##.##T.########.##.##.
.. #...@## #.##....
..#####.# #.#####.
........# #.# #.
#.#####†# #.# #. #.# #.
#. #........ #.
#.####### #. #.# # #.
#.# #.#####.


You could see an iron troll, 2 deep trolls, a troll and a friendly quasit.

Vanquished Creatures
  A hydra (D:11)
  An ugly thing (D:11)
  Grinder (D:6)
  A deep elf mage (D:9)
  A hippogriff (D:8)
  A hog (D:7)
  A human (D:7)
  A wyvern (D:9)
  2 water moccasins
  Duvessa (D:5)
  An ice beast (D:7)
  4 ogres
  A sky beast (D:7)
  An eye of draining (D:8)
  An orc warrior (D:9)
  A phantom (D:6)
  5 giant frogs
  2 big kobolds
  4 centaurs
  Dowan (D:5)
  2 water moccasin zombies
  2 scorpions
  9 killer bees
  An electric eel (D:11)
  3 crimson imps
  A giant frog zombie (D:7)
  6 hounds
  2 jellies
  2 orc priests
  5 orc wizards
  2 quasits (D:9)
  2 centaur skeletons
  A giant frog skeleton (D:7)
  Jessica (D:2)
  An iguana (D:6)
  3 sheep (D:7)
  10 worker ants
  The ghost of musteatbrain the Skirmisher, a weakling DsFi (D:3)
  2 hound skeletons
  2 worker ant zombies
  19 adders
  13 gnolls
  A shadow imp (D:7)
  14 oozes
  2 adder skeletons
  3 worms
  18 giant geckos
  20 orcs
  6 bats
  10 giant cockroaches
  8 hobgoblins
  4 quokkas
  12 ball pythons (Sewer)
  A giant gecko skeleton (D:9)
  17 giant newts
  8 goblins
  A jackal skeleton (D:4)
  A jackal zombie (D:6)
  11 kobolds
  A quokka skeleton (D:4)
  6 rats
266 creatures vanquished.

Vanquished Creatures (collateral kills)
  A hungry ghost (D:7)
  A sky beast (D:7)
  A necrophage (D:6)
  A giant frog (D:6)
  A worker ant (D:7)
  A hound skeleton (D:6)
  A gnoll (D:6)
  An ooze (Sewer)
  A giant gecko (Sewer)
  A giant newt (Sewer)
10 creatures vanquished.

Grand Total: 276 creatures vanquished

Notes
Turn   | Place    | Note
--------------------------------------------------------------
     0 | D:1      | lucasterio the Demonspawn Berserker began the quest for the Orb.
     0 | D:1      | Reached XP level 1. HP: 18/18 MP: 1/1
   277 | D:1      | Gained mutation: You have sharp fingernails. [demonic ancestry]
   277 | D:1      | Reached XP level 2. HP: 14/24 MP: 2/2
   739 | D:1      | Reached ** piety under Trog
   981 | D:2      | Gained mutation: You regenerate a little health from kills. [demonic ancestry]
   981 | D:2      | Reached XP level 3. HP: 29/29 MP: 3/3
  1233 | D:2      | Noticed Jessica
  1238 | D:2      | Killed Jessica
  1238 | D:2      | Reached skill level 4 in Maces & Flails
  1238 | D:2      | Gained mutation: You have sharp toenails. [demonic ancestry]
  1238 | D:2      | Reached XP level 4. HP: 35/35 MP: 4/4
  1790 | D:3      | Found a bloodstained altar of Trog.
  1791 | D:3      | Found a basalt altar of Yredelemnul.
  1791 | D:3      | Found a glowing golden altar of the Shining One.
  2260 | D:3      | Found a glowing silver altar of Zin.
  2353 | D:3      | Found a shadowy altar of Dithmenos.
  2357 | D:3      | Noticed musteatbrain's ghost (weakling DsFi)
  2397 | D:3      | Killed musteatbrain's ghost
  2397 | D:3      | Gained mutation: You regenerate health from kills. [demonic ancestry]
  2397 | D:3      | Reached XP level 5. HP: 41/41 MP: 5/5
  2693 | D:3      | Reached *** piety under Trog
  2700 | D:3      | Reached skill level 5 in Maces & Flails
  3026 | D:4      | Noticed an ogre
  3042 | D:4      | Killed an ogre
  3042 | D:4      | Reached XP level 6. HP: 33/47 MP: 6/6
  3212 | D:4      | Reached skill level 6 in Maces & Flails
  3617 | D:5      | Entered Level 5 of the Dungeon
  3740 | D:5      | Gained mutation: A weak demonic guardian rushes to your aid. [demonic ancestry]
  3740 | D:5      | Reached XP level 7. HP: 38/52 MP: 7/7
  3749 | D:5      | Noticed Duvessa
  3750 | D:5      | Noticed Dowan
  3758 | D:5      | Killed Duvessa
  3762 | D:5      | Killed Dowan
  3796 | D:5      | Found a glowing drain.
  3801 | Sewer    | Entered a sewer
  3922 | Sewer    | Reached **** piety under Trog
  4069 | Sewer    | Reached skill level 7 in Maces & Flails
  4319 | Sewer    | Identified a +0 rod of the swarm (9/9) (You found it on level 5 of the Dungeon)
  4499 | D:5      | Gained mutation: You have very sharp fingernails. [demonic ancestry]
  4499 | D:5      | Reached XP level 8. HP: 58/58 MP: 8/8
  4515 | D:5      | Reached skill level 5 in Armour
  4777 | D:5      | Noticed a water moccasin
  4787 | D:5      | Killed a water moccasin
  4787 | D:5      | Reached skill level 8 in Maces & Flails
  4838 | D:5      | Reached ***** piety under Trog
  5337 | D:6      | Noticed Grinder
  5366 | D:6      | Killed Grinder
  5442 | D:6      | Reached skill level 9 in Maces & Flails
  5609 | D:6      | Found a staircase to the Ecumenical Temple.
  6074 | D:7      | Gained mutation: You have a pair of small horns on your head. [demonic ancestry]
  6074 | D:7      | Reached XP level 9. HP: 63/63 MP: 9/9
  6561 | D:7      | Reached skill level 10 in Maces & Flails
  6699 | D:7      | Found Niog Xuwkot's Jewellery Boutique.
  6714 | D:7      | Bought a +1 ring of evasion for 45 gold pieces
  7323 | D:8      | Found an opulent altar of Gozag.
  7326 | D:8      | Found Gozag's Platinum Reserve.
  7340 | D:8      | Reached skill level 11 in Maces & Flails
  7584 | D:8      | Gained mutation: You have a pair of horns on your head. [demonic ancestry]
  7584 | D:8      | Reached XP level 10. HP: 70/70 MP: 0/10
  8248 | D:9      | Found a sparkling altar of Nemelex Xobeh.
  8344 | D:9      | Found Ylotyn's Food Shop.
  8366 | D:9      | Received a gift from Trog
  8800 | D:10     | Entered Level 10 of the Dungeon
  8868 | D:10     | Found a staircase to the Lair.
  9680 | D:11     | Noticed a five-headed hydra
  9696 | D:11     | Killed a five-headed hydra
  9696 | D:11     | Reached skill level 12 in Maces & Flails
  9817 | D:11     | Found a runed door.
  9823 | D:11     | Noticed a purple ugly thing
  9839 | D:11     | Killed a purple ugly thing
  9845 | D:11     | Found a runed door.
  9916 | D:11     | Noticed an iron troll
  9916 | D:11     | Noticed a deep troll
  9916 | D:11     | Noticed a deep troll
  9935 | D:11     | HP: 1/70 [iron troll (7)]
  9936 | D:11     | Slain by a deep troll

Action                   |  1- 3 |  4- 6 |  7- 9 | 10-12 || total
-------------------------+-------+-------+-------+-------++-------
Melee: Mace              |    93 |    67 |       |       ||   160
       Flail             |       |   140 |   598 |    73 ||   811
       Morningstar       |       |       |       |    99 ||    99
 Fire: Shortbow          |       |       |    13 |       ||    13
Invok: Berserk           |     1 |     5 |     3 |     3 ||    12
       Trog's Hand       |     1 |       |       |       ||     1
       Burn Spellbooks   |       |       |       |     1 ||     1
  Use: Scroll            |       |       |       |     5 ||     5
 Stab: Distracted        |       |       |     4 |       ||     4
  Eat: Chunk             |     2 |    13 |    15 |     7 ||    37
       Pizza             |       |       |     1 |       ||     1
       Bread ration      |       |       |       |     1 ||     1
